Map: Moonlight Madness LE (Void)

Players

wabbajack

  • Race: Zerg Zerg
  • League: Silver

shaoling - Winner!

  • Race: Zerg Zerg
  • League: Silver

VOD

Have the link to the VOD?

Description

Time

  • Played on: July 16, 2015, 7:46 p.m.
  • Length: 8:19
Show
View Real Time Build Order
Export as new Build Order

wabbajack Zerg 

Build Orders: Hatch First 

Get SALT Encoding   

  12  0:02  Drone  
  13  0:13  Overlord  
  13  0:18  Drone  
  14  0:22  Extractor  
  14  0:25  Drone  
  15  0:32  Drone  
  17  0:35  Drone  
  17  0:54  Hatchery  
  16  0:59  Drone, Extractor  
  16  1:01  Drone  
  17  1:07  Drone  
  18  1:21  Spawning Pool  
  18  1:22  Drone  
  18  1:29  Drone  
  19  1:47  Drone  
  20  1:53  Drone  
  21  2:08  Queen x2  
  23  2:11  Metabolic Boost  
  25  2:24  Drone x2, Spine Crawler  
  25  2:25  Drone x2  
  28  2:32  Roach Warren  
  28  2:34  Overlord  
  27  2:42  Overlord  
  27  3:04  Spine Crawler  
  26  3:05  Overlord  
  26  3:20  Roach x3  
  26  3:21  Roach x3  
  38  3:35  Roach  
  38  3:36  Roach x2  
  38  3:38  Roach  
  46  3:42  Overlord  
  46  3:45  Roach  
  48  3:52  Overlord  
  48  4:05  Roach x2  
  52  4:18  Drone x3  
  52  4:24  Zergling x16  
  63  4:34  Overlord  
  63  4:47  Zergling x2  
  63  4:49  Zergling x2  
  63  4:52  Zergling x2  
  66  4:53  Hatchery  
  66  4:54  Zergling x2  
  54  5:16  Zergling x2  
  54  5:17  Zergling x16  
  63  5:22  Ravager  
  63  5:28  Zergling x2  
  65  5:29  Zergling x6  
  62  5:49  Ravager  
  44  6:27  Queen  
  46  6:35  Ravager x3  
  46  6:38  Drone x10  
  46  6:39  Drone x2  
  61  6:46  Extractor  
  60  6:52  Evolution Chamber  
  60  6:54  Evolution Chamber  
  45  7:13  Roach x5  
  55  7:17  Extractor  
  55  7:18  Drone  
  55  7:19  Drone x2  
  56  7:23  Roach x2  
  56  7:24  Zergling x2  
  56  7:25  Zergling x6  
  56  7:29  Spine Crawler  
  58  7:30  Spine Crawler x2  
  57  7:38  Roach x4  
  55  7:53  Roach x4  
Show
View Real Time Build Order
Export as new Build Order

shaoling Zerg - Winner!

Build Orders: Hatch First 

Get SALT Encoding   

  12  0:01  Drone  
  13  0:13  Drone  
  14  0:35  Hatchery  
  13  0:42  Overlord  
  13  0:47  Drone  
  14  1:01  Drone x2  
  16  1:12  Spawning Pool  
  16  1:14  Drone  
  16  1:21  Drone, Extractor  
  16  1:30  Drone  
  17  1:42  Drone  
  18  1:50  Drone x2  
  20  1:59  Queen x2  
  24  2:05  Overlord  
  24  2:09  Drone  
  24  2:12  Zergling x2  
  26  2:18  Drone  
  26  2:22  Metabolic Boost  
  27  2:29  Drone  
  28  2:38  Queen  
  30  2:54  Baneling Nest  
  30  2:56  Drone x2  
  30  2:57  Overlord  
  31  3:09  Drone x5  
  35  3:29  Roach Warren  
  34  3:35  Drone x3  
  34  3:36  Evolution Chamber  
  34  3:38  Overlord  
  34  3:39  Overlord  
  36  3:47  Drone x3  
  36  3:48  Drone  
  40  3:49  Extractor  
  39  3:56  Overlord  
  39  3:58  Drone  
  39  3:59  Drone x4  
  44  4:13  Zerg Missile Weapons Level 1, Spine Crawler  
  43  4:18  Roach x4  
  43  4:23  Extractor  
  43  4:24  Drone  
  51  4:26  Drone x2  
  57  4:31  Roach x3  
  59  4:44  Roach x4  
  60  5:08  Roach x3  
  60  5:09  Roach x3  
  66  5:19  Roach  
  68  5:22  Overlord x3  
  62  5:44  Roach x3  
  62  5:45  Roach x3  
  72  5:52  Roach  
  70  6:01  Roach x2  
  70  6:02  Roach x4  
  68  6:07  Roach  
  68  6:11  Roach  
  60  6:16  Ravager  
  57  6:19  Roach  
  55  6:32  Roach  
  55  6:33  Roach x2  
  55  6:38  Drone  
  58  6:44  Drone x2  
  60  7:01  Roach x3  
  64  7:10  Roach x2  
  68  7:47  Roach x5  
  68  7:48  Roach x3  
Tags
 
Add a new tag
Caveats
  • Supply blocks, unpowered buildings, or Contaminate may cause inaccurate times.
  • Supply counts are checked every 10 seconds.